Freya, lawful female human Valkyrie #### -------------- #------------- |.............########### #|`.........`| |........<...| # #|.....`%....+ |............+#############|...--.--...| -------------- #....|.{.|.@a| |..`|{.{|`.sZ |...|.{.|...| |...-----...| |.... ....| |`.... .d..`| ------------- Freya the Fighter Experience level: 6 Strength: 18/04 Dexterity: 9 Constitution: 18 Intelligence: 9 Wisdom: 8 Charisma: 10 Health: 0(66) Energy: 14(14) Def: 5 Gold: 987 Moves: 3599 Dungeon seed: GVG0xwG4wJPXxDIw Game ID: Freya_1522987853 Your Inventory: Coins $ - 987 gold pieces Weapons a - the blessed rustproof +1 Excalibur (weapon in hand) b - a +0 dagger y - a cursed thoroughly rusty +1 long sword Armor e - an uncursed +0 mummy wrapping n - an uncursed +0 cloak of displacement (being worn) q - an uncursed +3 small shield (being worn) Comestibles j - an uncursed food ration k - an uncursed slime mold z - 3 cursed food rations B - an uncursed sprig of wolfsbane Scrolls d - a cursed scroll of teleportation l - an uncursed scroll of create monster o - an uncursed scroll of light s - 3 uncursed scrolls of blank paper t - a cursed scroll of blank paper u - a cursed scroll of gold detection w - a cursed scroll of light x - a cursed scroll of taming Spellbooks A - a cursed spellbook of cure blindness Potions g - an uncursed potion of blindness v - a cursed potion of healing C - an uncursed potion of extra healing F - a blessed potion of paralysis Wands h - a wand of teleportation (0:5) p - a wand of magic missile (0:3) Gems r - an uncursed worthless piece of blue glass N - 2 uncursed worthless pieces of violet glass Y - 2 uncursed amethyst stones Spells and supernatural/magical abilities: Name Level Category Fail Memory W - pray for help -- divine ? -- Your skills at the end: Fighting Skills Weapon Skills dagger [Basic] long sword [Skilled] Spellcasting Skills Final Attributes: You were piously aligned. You were cold resistant. You were level-drain resistant. You were telepathic. You had automatic searching. You were displaced. You were stealthy. You could teleport. You were unlucky. You are dead. Vanquished creatures: a ghost a leprechaun a blue jelly 5 Mordor orcs 3 rock piercers a fog cloud a shrieker 2 kobold mummies 2 paper golems 2 little dogs a floating eye 2 homunculi a kobold lord 2 rothes a giant bat 2 monkeys a werejackal an iguana 2 killer bees an acid blob 3 gas spores 19 manes a large kobold 2 giant rats 4 cave spiders a yellow mold 3 green molds 2 gnome zombies 2 geckos 5 jackals 2 goblins 15 grid bugs a lichen a kobold zombie 8 newts 102 creatures vanquished. Voluntary challenges: You had been an atheist until turn 3273. You used a wielded weapon 106 times, starting on turn 10. You read items or engraved 29 times, starting on turn 1331. You never genocided any monsters. You never polymorphed an object. You never changed form. You used no wishes. You never split a pudding. You wrote Elbereth's name 27 times, starting on turn 1331. You never violated your personal moral code. Dungeon overview: The Dungeons of Doom: levels 1 to 8 Level 1 a long staircase Level 2 a sink a long staircase Level 3 Level 4 Level 5 Level 6 Level 7 an altar to Odin Level 8 <- You were here many fountains History has recorded: On T:1 you entered the Dungeons of Doom to retrieve the Amulet of Yendor! On T:253 you reached level 2 of The Dungeons of Doom. On T:798 you reached level 3 of The Dungeons of Doom. On T:887 you advanced to experience level 2. On T:1161 you reached level 4 of The Dungeons of Doom. On T:1225 you reached level 7 of The Dungeons of Doom. On T:1229 you reached level 6 of The Dungeons of Doom. On T:1299 you reached level 5 of The Dungeons of Doom. On T:1321 you advanced to experience level 3. On T:1942 you advanced to experience level 4. On T:2214 you advanced to experience level 5. On T:2627 you advanced to experience level 6. On T:3492 you reached level 8 of The Dungeons of Doom. Score breakdown: Gold: 987 (10187 points) Experience: 6 levels (12456 points) Exploration: 8 levels ( 17.02%) (11702 points) Discoveries: 3 items ( 1.22%) ( 3312 points) Valuables value: (no points given unless you survive) Artifact value: 4000 (12253 points) Variety of kills: 35 monsters ( 9.19%) ( 9092 points) Turncount: 3599 turns ( -868 points) Survival: died (score multiplied by 80%) Total score: 46507 Latest messages: The scorpion stings! The giant bat bites! You hear a distant squeak. The giant bat bites! The scorpion hits! (2x) The scorpion stings! The giant bat misses. You kill the giant bat! The scorpion hits! (2x) The scorpion stings! You miss the scorpion. The scorpion hits! (2x) The scorpion stings! The scorpion's sting was poisoned! The killer bee stings! You begin praying to Tyr. The killer bee stings! The scorpion hits! (2x) The scorpion stings! The killer bee stings! You die... Final status: Farvel Freya the Valkyrie, killed by a killer bee, while praying... You died in The Dungeons of Doom on dungeon level 8 with 46507 points, and 987 pieces of gold, after 3599 moves. You were level 6 with a maximum of 66 hit points when you died.